Map: Ulrena

Players

IIIIIIIIIIII

  • Race: Zerg Zerg

MCanning - Winner!

  • Race: Protoss Protoss
  • League: Grandmaster

VOD

Have the link to the VOD?

Description

Time

  • Played on: Jan. 26, 2016, 12:02 a.m.
  • Length: 9:22
Show
View Real Time Build Order
Export as new Build Order

IIIIIIIIIIII Zerg 

Build Orders: Hatch First 

Get SALT Encoding   

  12  0:01  Drone  
  13  0:12  Overlord  
  13  0:17  Drone  
  14  0:24  Extractor  
  14  0:25  Drone  
  15  0:31  Drone  
  15  0:34  Drone  
  17  0:54  Hatchery  
  17  0:56  Drone  
  17  0:59  Drone  
  17  1:02  Extractor  
  17  1:06  Drone  
  18  1:19  Spawning Pool  
  18  1:22  Drone  
  18  1:28  Drone  
  19  1:39  Drone  
  20  1:49  Drone  
  21  2:00  Overlord  
  21  2:06  Metabolic Boost  
  21  2:07  Queen  
  23  2:09  Queen  
  23  2:12  Zergling x2  
  26  2:19  Zergling x4  
  26  2:21  Drone  
  29  2:28  Drone  
  30  2:44  Hatchery  
  30  2:49  Drone x2  
  31  2:54  Drone x2  
  33  3:00  Overlord  
  33  3:11  Drone x3  
  36  3:22  Drone x4  
  39  3:31  Extractor  
  39  3:32  Drone x3, Extractor  
  39  3:34  Drone x2  
  42  3:43  Drone  
  43  3:56  Overlord  
  43  3:57  Drone  
  43  3:58  Drone x2, Extractor  
  43  3:59  Queen  
  43  4:00  Overlord x2  
  47  4:07  Roach Warren  
  46  4:20  Overlord  
  46  4:47  Roach x11  
  46  4:50  Overlord  
  68  4:55  Roach  
  68  4:57  Roach  
  72  5:01  Roach  
  72  5:05  Roach  
  72  5:07  Roach  
  78  5:10  Ravager  
  78  5:11  Ravager x3  
  78  5:12  Ravager x2  
  78  5:13  Ravager  
  85  5:15  Ravager x2  
  87  5:23  Zergling x2  
  87  5:24  Zergling x4  
  87  5:25  Overlord  
  90  5:31  Overlord  
  90  5:42  Overlord  
  90  5:43  Overlord  
  90  5:45  Ravager  
  90  5:46  Ravager x3  
  90  5:48  Roach x2  
  98  5:50  Zergling x2  
  94  6:18  Roach x2  
  87  6:19  Roach x7  
  97  6:37  Roach x6  
  100  6:53  Roach x6  
  106  7:01  Zergling x2  
  106  7:02  Zergling x6  
  102  7:14  Zergling x12  
  102  7:19  Zergling x2  
  91  7:23  Zergling x2  
  91  7:26  Zergling x2  
  85  7:38  Zergling x2  
  85  7:39  Zergling x4  
  85  7:42  Zergling x2  
  88  7:50  Zergling x4  
  84  7:53  Zergling x2  
  84  7:56  Lair  
  84  7:58  Spore Crawler  
  81  7:59  Spine Crawler  
  81  8:01  Spore Crawler  
  81  8:03  Spore Crawler  
  81  8:05  Spine Crawler  
  75  8:09  Zergling x2  
  75  8:10  Zergling x8  
  78  8:19  Spore Crawler  
  76  8:23  Spore Crawler  
  60  8:30  Ravager x5  
  60  8:34  Spine Crawler  
  60  8:35  Spine Crawler  
  29  8:49  Zergling x6  
Show
View Real Time Build Order
Export as new Build Order

MCanning Protoss - Winner!

Build Orders: 1 Gate Expand 

Get SALT Encoding   

  12  0:00  Probe (Chrono Boost)  
  13  0:11  Probe (Chrono Boost)  
  14  0:19  Pylon  
  14  0:22  Probe (Chrono Boost)  
  15  0:37  Probe (Chrono Boost)  
  16  0:44  Gateway  
  16  0:48  Probe (Chrono Boost)  
  17  0:53  Assimilator  
  17  0:58  Probe (Chrono Boost)  
  18  1:09  Probe (Chrono Boost)  
  19  1:23  Nexus  
  19  1:27  Probe (Chrono Boost)  
  20  1:37  Probe (Chrono Boost)  
  20  1:39  Cybernetics Core  
  21  1:48  Pylon  
  21  1:51  Probe (Chrono Boost)  
  22  2:01  Probe (Chrono Boost)  
  22  2:03  Assimilator  
  23  2:12  Probe (Chrono Boost)  
  24  2:16  Warp Gate  
  24  2:17  Zealot  
  26  2:27  Probe (Chrono Boost)  
  27  2:38  Mothership Core (Chrono Boost)  
  27  2:39  Probe (Chrono Boost)  
  30  2:47  Stalker  
  30  2:49  Probe (Chrono Boost)  
  33  2:55  Pylon  
  33  2:56  Probe (Chrono Boost)  
  34  3:00  Probe (Chrono Boost)  
  35  3:07  Probe (Chrono Boost)  
  35  3:10  Probe (Chrono Boost)  
  37  3:15  Gateway  
  37  3:17  Probe (Chrono Boost)  
  38  3:21  Sentry (Chrono Boost), Probe (Chrono Boost), Gateway  
  41  3:27  Pylon  
  41  3:33  Probe (Chrono Boost)  
  42  3:38  Probe (Chrono Boost)  
  43  3:44  Gateway  
  43  3:45  Probe (Chrono Boost)  
  43  3:47  Sentry (Chrono Boost)  
  46  3:50  Probe (Chrono Boost)  
  46  3:57  Probe (Chrono Boost)  
  46  3:59  Assimilator  
  46  4:01  Probe (Chrono Boost)  
  46  4:02  Assimilator  
  48  4:08  Probe (Chrono Boost), Robotics Facility  
  49  4:11  Probe (Chrono Boost)  
  50  4:18  Probe (Chrono Boost)  
  50  4:22  Probe (Chrono Boost)  
  50  4:23  Forge  
  52  4:29  Probe (Chrono Boost)  
  53  4:33  Probe (Chrono Boost)  
  53  4:36  Pylon  
  54  4:39  Probe (Chrono Boost)  
  54  4:42  Nexus  
  55  4:46  Pylon  
  55  4:48  Sentry  
  55  4:51  Pylon  
  57  4:53  Probe (Chrono Boost)  
  57  4:55  Observer (Chrono Boost)  
  57  4:56  Protoss Ground Weapons Level 1 (Chrono Boost)  
  57  4:58  Probe  
  59  5:05  Probe  
  61  5:09  Probe  
  61  5:13  Twilight Council  
  62  5:17  Probe  
  62  5:19  Probe  
  64  5:22  Immortal (Chrono Boost)  
  68  5:30  Probe  
  68  5:34  Probe  
  70  5:37  Pylon  
  70  5:43  Gateway  
  70  5:44  Gateway  
  70  5:46  Pylon  
  70  5:48  Pylon  
  70  5:53  Robotics Bay  
  70  5:54  Dark Shrine  
  70  5:55  Probe  
  71  6:03  Immortal  
  75  6:13  Adept x4  
  75  6:17  Adept x2, Pylon  
  51  6:39  Stalker x3  
  50  6:50  Disruptor (Chrono Boost)  
  49  6:57  Stalker x2  
  53  7:16  Probe  
  46  7:29  Pylon  
  44  7:36  Dark Templar  
  46  7:38  Dark Templar  
  46  7:39  Dark Templar  
  42  7:46  Dark Templar  
  33  7:58  Gateway  
  33  8:00  Gateway  
  21  8:21  Dark Templar, Pylon  
  21  8:22  Dark Templar  
  21  8:38  Pylon  
  21  9:00  Probe (Chrono Boost)  
  22  9:11  Probe (Chrono Boost)  
Tags
 
Add a new tag
Caveats
  • Supply blocks, unpowered buildings, or Contaminate may cause inaccurate times.
  • Supply counts are checked every 10 seconds.